AoeStats
← *DeeDee*

Arabia

509577292Analyzed
4v4 RM · 6d ago on Sep 27, 2026· 30m 40s· 8 players
Game mode
Random Map
Map size
Large (8 player)
Population
200
Speed
Normal
Resources
Standard
Victory
Conquest
Starting age
Dark Age
Ending age
Imperial Age
RankedLock teamsTeams togetherTeam positionsShared explorationLock speedFull tech treeHidden civsTurbo modeCheats
Victory
Defeat
🇷🇺 Varangians · Russia
1431
+12
🇳🇱 Britons · Netherlands
1409
+13
🇨🇭 Saxons · Switzerland
1350
+15
🇸🇰 Mongols · Slovakia
1346
+15
🇭🇰 Magyars · Hong Kong SAR China
1449
-18
🇹🇼 Danes · Taiwan
1327
-13
🇨🇳 Inca · China
1291
-12
🇧🇷 Poles · Brazil
1278
-12
lorddoc
6:14 Loom
8:58 Feudal Age
13:44 Fletching
18:48 Double-Bit Axe
19:21 Padded Archer Armor
24:09 Castle Age
23:30 Horse Collar
24:55 Bodkin Arrow
24:21 Crossbowman
25:30 Leather Archer Armor
26:03 Wheelbarrow
30:34 Thumb Ring
GansGanssen
6:03 Loom
8:26 Feudal Age
11:51 Double-Bit Axe
13:32 Gold Mining
13:33 Horse Collar
15:00 Fletching
24:26 Castle Age
22:56 Padded Archer Armor
25:08 Bodkin Arrow
24:38 Crossbowman
26:58 Ballistics
28:16 Gold Shaft Mining
28:20 Bow Saw
28:17 Heavy Plow
29:58 Leather Archer Armor
*DeeDee*
9:25 Feudal Age
7:40 Loom
14:11 Scale Barding Armor
15:15 Forging
15:34 Double-Bit Axe
18:53 Bloodlines
23:11 Castle Age
21:17 Gold Mining
26:27 Horse Collar
27:50 Chain Barding Armor
27:51 Town Watch
30:51 Gold Shaft Mining
Riveryyy
5:33 Loom
8:50 Feudal Age
9:32 Double-Bit Axe
15:35 Bloodlines
17:26 Forging
17:51 Town Watch
18:44 Wheelbarrow
22:16 Castle Age
20:29 Gold Mining
21:04 Scale Barding Armor
21:25 Horse Collar
23:03 Husbandry
23:23 Chain Barding Armor
23:20 Bow Saw
۞_KDZ_۞
7:46 Loom
10:02 Feudal Age
10:39 Double-Bit Axe
10:37 Horse Collar
14:49 Wheelbarrow
16:08 Bloodlines
18:28 Fletching
24:03 Scale Barding Armor
29:19 Castle Age
LinG寶寶
7:27 Loom
9:38 Feudal Age
10:22 Double-Bit Axe
13:27 Horse Collar
17:35 Scale Barding Armor
19:01 Wheelbarrow
20:06 Bloodlines
27:57 Castle Age
25:58 Gold Mining
28:17 Light Cavalry
29:19 Chain Barding Armor
2110316511
8:26 Loom
10:40 Feudal Age
12:55 Double-Bit Axe
16:07 Padded Archer Armor
27:42 Castle Age
25:44 Horse Collar
李天尊
7:58 Loom
12:16 Feudal Age
14:27 Double-Bit Axe
19:23 Castle Age
17:47 Horse Collar
20:29 Scale Mail Armor
23:09 Wheelbarrow
25:05 Bow Saw
26:44 Chain Mail Armor
27:57 Forging
27:40 Town Watch
28:08 Gambesons
28:09 Arson
28:25 Squires
Connection lost

Rejoining the realm…

Still unreachable

The connection could not be restored.

Session expired

The server has moved on; the page needs a fresh start.